 Dungeon Crawl Stone Soup version 0.29-a0-322-g68df515428 (webtiles) character file.

Game seed: 16160925372261315037

237096 Leszczynek the Basher (level 19, -12/226 HPs)
             Began as a Human Gladiator on Apr 4, 2022.
             Was a High Priest of the Shining One.
             Killed from afar by a crystal guardian (20 damage)
             ... with a crystal bolt
             ... led by a peacekeeper
             ... on level 3 of the Vaults on Apr 5, 2022.
             The game lasted 02:12:08 (18714 turns).

Leszczynek the Basher (Human Gladiator)            Turns: 18714, Time: 02:12:09

Health: -12/226    AC: 25    Str: 24    XL:     19   Next: 99%
Magic:  28/28      EV: 15    Int: 11    God:    the Shining One [*****.]
Gold:   679        SH: 31    Dex: 19    Spells: 14/18 levels left

rFire   + . .      SeeInvis .   a - +11 broad axe "Synops" {venom, rPois rF+}
rCold   + . .      Faith    .   Q - +0 tower shield {rC+}
rNeg    + + .      Spirit   .   A - +6 scale mail of the Pit {*Slow +Blink Int+2 Slay+3}
rPois   +          Reflect  .   h - +2 helmet
rElec   .          Harm     .   E - +2 cloak {Will+}
rCorr   .          Rampage  .   M - +1 pair of gloves
Will    ++...                   D - +1 pair of boots {Stlth+}
Stlth   ..........              m - amulet of magic regeneration
HPRegen 0.47/turn               J - +6 ring of strength
MPRegen 0.61/turn               Z - +4 ring of evasion

@: berserking, divinely shielded, slowed, glowing
A: no striking features
}: 2/15 runes: decaying, gossamer
a: Renounce Religion, Evoke Blink, Divine Shield, Cleansing Flame, Summon Divine
Warrior


You were on level 3 of the Vaults.
You worshipped the Shining One.
The Shining One was extremely pleased with you.
You visited 6 branches of the dungeon, and saw 34 of its levels.
You also visited: Ice Cave.

You collected 2301 gold pieces.
You spent 1622 gold pieces at shops.

Inventory:

Hand Weapons
 a - the +11 broad axe "Synops" (weapon) {venom, rPois rF+}
   (You found it on level 8 of the Dungeon)

   It poisons the flesh of those it strikes.
   rF:        It protects you from fire.
   rPois:     It protects you from poison.
 b - a +2 morningstar of protection
 x - a +0 long sword of freezing
Missiles
 d - 8 curare-tipped darts
 e - 9 javelins
 k - 5 silver javelins
 F - a throwing net
 V - 8 boomerangs (quivered)
Armour
 h - a +2 helmet (worn)
 A - the +6 scale mail of the Pit (worn) {*Slow +Blink Int+2 Slay+3}
   (You found it on level 4 of the Dungeon)

   Int:       It affects your intelligence (+2).
   Slay:      It affects your accuracy & damage with ranged weapons and melee
   (+3).
   +Blink:    It lets you blink.
   *Slow:     It may slow you when you take damage.
 D - a +1 pair of boots of stealth (worn)
 E - a +2 cloak of willpower (worn)
 M - a +1 pair of gloves (worn)
 Q - a +0 tower shield of cold resistance (worn)
 R - a +2 buckler of cold resistance
Jewellery
 m - an amulet of magic regeneration (around neck)
 J - a +6 ring of strength (left hand)
 W - a ring of protection from fire
 Z - a +4 ring of evasion (right hand)
Wands
 c - a wand of paralysis (2)
 i - a wand of acid (2)
 j - a wand of flame (31)
 C - a wand of charming (14)
 G - a wand of iceblast (5)
 S - a wand of polymorph (18)
 U - a wand of mindburst (7)
Scrolls
 f - a scroll of identify {@r1}
 l - 6 scrolls of fear
 y - 6 scrolls of magic mapping
 z - 3 scrolls of enchant armour
 B - 4 scrolls of enchant weapon
 H - 3 scrolls of holy word {!r}
 I - 11 scrolls of teleportation
 L - 8 scrolls of vulnerability {!r}
 O - 3 scrolls of blinking
 Y - a scroll of fog
Potions
 g - 4 potions of resistance
 n - 4 potions of flight
 r - 7 potions of ambrosia
 s - 5 potions of attraction
 t - 5 potions of magic
 u - 14 potions of curing {@q1}
 v - 4 potions of might
 N - 5 potions of haste
 P - 2 potions of cancellation
 T - 6 potions of mutation {!q}
Miscellaneous
 o - a tin of tremorstones (2/2)
 q - a box of beasts
 K - a phantom mirror


   Skills:
 + Level 13.8 Fighting
 + Level 13.1(16.4) Axes
 - Level 14.0(16.1) Maces & Flails
 - Level 8.2(11.7) Polearms
 - Level 8.0 Throwing
 - Level 6.6 Armour
 - Level 6.4 Dodging
 + Level 13.3 Shields
 - Level 4.0 Transmutations
 - Level 2.8 Earth Magic
 * Level 13.0 Invocations
 - Level 8.0 Evocations


You had 14 spell levels left.
You knew the following spells:

 Your Spells              Type           Power      Damage    Failure   Level
a - Passwall              Tmut/Erth      5%         N/A       78%         2
b - Wereblood             Tmut           9%         N/A       69%         2

Your spell library contained the following spells:

 Spells                   Type           Power      Damage    Failure   Level
 Shock                    Conj/Air       0%         1d3       98%         1
 Ensorcelled Hibernation  Hex/Ice        0%         N/A       99%         2
 Sublimation of Blood     Necr           0%         N/A       99%         2
 Ozocubu's Armour         Ice            0%         N/A       100%        3
 Swiftness                Air            0%         N/A       100%        3
 Airstrike                Air            0%         N/A       100%        4
 Fireball                 Conj/Fire      0%         3d3       100%        5
 Iskenderun's Battlesphe  Conj           0%         2d6       100%        5
 Conjure Ball Lightning   Conj/Air       0%         3x3d6     100%        6
 Orb of Destruction       Conj           0%         9d5       100%        7
 Ozocubu's Refrigeration  Ice            0%         4d5       100%        7
 Summon Hydra             Summ           0%         N/A       100%        7


Dungeon Overview and Level Annotations

Branches:
Dungeon (15/15)            Temple (0/1) D:4            Lair (6/6) D:8
  Swamp (4/4) Lair:4       Spider (4/4) Lair:3          Orc (2/2) D:9
    Elf (0/3) Orc:2        Vaults (3/5) D:13          IceCv (visited)
  Slime: Lair:5-6     Crypt: Vaults:2-3  Depths: D:15

Altars:
Cheibriados
Kikubaaqudgha
Makhleb
Nemelex Xobeh
Okawaru
Trog
Uskayaw
Vehumet
Wu Jian
The Shining One
Beogh

Shops:
D:14 !   Orc:2 (![:   Vaults:1 *

Annotations:
D:8 randart broad axe behind ghost and 2 hydras
Lair:4 ego broad axe behind a ghost, snail and hydra, Mopsi's ghost, journeyman DsBe
Spider:2 ench. weap., randart hat behind Gr ghost and rage moth, jt's ghost, adept GrDe
Orc:1 3 runed translucent doors, p0werm0de's ghost, novice MyDe


Message History

The crystal bolt burns the crystal guardian.
The crystal guardian completely resists.
You slash the crystal guardian!
The crystal guardian is heavily damaged.
You slash the peacekeeper! You slash the crystal guardian!
You block the peacekeeper's attack. x2
You hit the crystal guardian.
The crystal guardian is heavily damaged.
You slice the peacekeeper!!
You destroy the peacekeeper!
You hit the crystal guardian but do no damage.
The crystal guardian fires a crystalline bolt at you.
The crystal bolt freezes you! You resist. The crystal bolt misses you.
The crystal bolt freezes the crystal guardian.
The crystal guardian completely resists.
The crystal guardian fires a crystalline bolt at you.
The crystal bolt freezes you. You resist. The crystal bolt misses you.
The crystal bolt freezes the crystal guardian.
The crystal guardian completely resists.
You slice the crystal guardian!!
You destroy the crystal guardian!
You hit the crystal guardian but do no damage.
You block the crystal guardian's attack.
You slash the crystal guardian!
The crystal guardian is heavily damaged.
The crystal guardian fires a crystalline bolt at you.
The crystal bolt burns you!! You resist.
* * * LOW HITPOINT WARNING * * *
The crystal bolt burns you!! You resist.
* * * LOW HITPOINT WARNING * * *
You feel yourself slow down.
The crystal bolt burns the crystal guardian.
The crystal guardian completely resists.
You slice the crystal guardian!!
The crystal guardian is severely damaged.
The crystal guardian fires a crystalline bolt at you.
The crystal bolt freezes you. You resist.
* * * LOW HITPOINT WARNING * * *
The crystal bolt freezes you!! You resist.
You die...

#########
#........
+@9......
#########


You could see a crystal guardian.

Vanquished Creatures
  A thorn hunter (Swamp:3)
  An emperor scorpion (Spider:4)
  An ironbound preserver (Vaults:1)
  A vault warden (Vaults:1)
  3 ghost moths (Spider:4)
  7 very ugly things
  2 broodmothers
  2 entropy weavers
  2 eleionomae
  2 spark wasps
  4 bunyips
  4 dire elephants (Lair:6)
  An ettin (Vaults:1)
  A crystal guardian (Vaults:3)
  A great orb of eyes (Vaults:2)
  2 boulder beetles
  A death knight (D:12)
  19 hydras
  15 vault guards
  Erolcha (Orc:2)
  A catoblepas (Lair:5)
  4 ghost crabs (Swamp:3)
  A peacekeeper (Vaults:3)
  7 two-headed ogres
  3 centaur warriors
  2 ironbound frosthearts (IceCv)
  10 death yaks
  2 spectral dire elephants (Lair:6)
  The ghost of Grinfader the Magician, a novice DjCj of Makhleb (D:8)
  A spectral death yak (Lair:6)
  2 pharaoh ants (Spider:4)
  5 spriggan druids
  A spectral anaconda (Lair:6)
  3 orb spiders (Spider:4)
  3 steelbarb worms (Spider:4)
  5 deep trolls (Vaults:1)
  4 bog bodies
  A deep elf archer (D:15)
  A goliath frog (Swamp:3)
  A death drake (Swamp:3)
  A swamp dragon (Swamp:3)
  3 necromancers (Lair:6)
  3 ironbound convokers
  3 wizards
  5 lindwurms (Vaults:1)
  An obsidian statue (Lair:6)
  An orc knight (Orc:1)
  A deep elf pyromancer (D:13)
  6 ugly things
  9 wolf spiders
  A manticore (D:13)
  10 orc sorcerers (Orc:2)
  A will-o-the-wisp (Swamp:3)
  2 moths of wrath
  15 elephants
  3 black mambas
  2 vault sentinels (Vaults:2)
  3 apocalypse crabs (Swamp:3)
  5 torpor snails
  An ice statue (IceCv)
  11 cane toads
  5 demonic crawlers
  A cane toad (shapeshifter) (Vaults:1)
  A gargoyle (D:13)
  A kobold demonologist (D:13)
  An unseen horror (shapeshifter) (D:13)
  9 komodo dragons
  5 yaktaurs
  2 rime drakes
  2 ice devils (D:11)
  A tengu conjurer (D:15)
  A meliai (shapeshifter) (D:13)
  4 trolls
  2 bloated husks (Swamp:3)
  8 hornets
  A polar bear (shapeshifter) (D:9)
  13 polar bears
  4 tyrant leeches
  13 tarantellas
  7 slime creatures
  8 blink frogs
  A raiju (shapeshifter) (D:14)
  3 wyverns
  6 culicivoras
  6 spriggans
  11 jumping spiders
  A vampire (D:12)
  A wyvern (shapeshifter) (D:14)
  4 shadows
  6 basilisks
  2 large abominations (D:13)
  A fire bat (Lair:4)
  54 yaks
  5 wraiths
  11 vampire mosquitoes
  4 death yak simulacra (Lair:6)
  30 redbacks
  A spectral cane toad (Lair:6)
  9 swamp worms
  A naga (shapeshifter) (D:9)
  An acid dragon (D:12)
  14 water moccasins
  A swamp drake (Swamp:4)
  2 black bears
  16 orc warriors
  A sky beast (D:6)
  4 elephant zombies (Lair:6)
  42 wolves
  9 centaurs
  4 ogres
  A tengu (shapeshifter) (D:15)
  An elephant skeleton (Lair:6)
  5 bullfrogs
  2 kobold brigands
  A scorpion (D:7)
  A gnoll sergeant (D:12)
  3 necrophages
  2 cane toad simulacra (Lair:6)
  8 wights
  21 killer bees
  2 troll zombies (D:9)
  An elephant simulacrum (Lair:6)
  4 electric eels (D:12)
  2 hounds
  13 orc priests
  A jelly (D:4)
  Crazy Yiuf (D:6)
  A gnoll shaman (D:7)
  3 iguanas
  27 orc wizards
  6 ogre zombies (D:9)
  11 gnolls
  8 adders
  A shadow imp (D:7)
  A white imp (D:6)
  A dart slug (D:8)
  69 orcs
  11 endoplasms
  4 giant cockroaches
  9 goblins
  8 hobgoblins
  4 jackals (D:3)
  4 quokkas
  7 ball pythons
  2 frilled lizards
  3 goblin zombies (D:9)
  3 hobgoblin zombies (D:9)
  16 kobolds
  3 orc skeletons (D:9)
  16 orc zombies (D:9)
  A rat (D:3)
  2 briar patches (Swamp:3)
846 creatures vanquished.

Vanquished Creatures (collateral kills)
  Frances (D:12)
  2 emperor scorpions (Spider:4)
  A broodmother (Spider:4)
  6 hydras
  3 ghost crabs
  A centaur warrior (D:9)
  2 pharaoh ants (Spider:4)
  A sun moth (Spider:4)
  7 swamp dragons
  An orb spider (Spider:4)
  5 spriggan druids
  4 wolf spiders (Spider:4)
  2 cyclopes (D:9)
  2 will-o-the-wisps (Swamp:4)
  2 demonic crawlers (Spider:4)
  2 tyrant leeches (Swamp:3)
  2 hornets
  2 tarantellas (Spider:4)
  A spriggan (Swamp:4)
  2 culicivoras (Spider:4)
  A water elemental (D:12)
  6 redbacks (Spider:4)
  A swamp worm (Swamp:3)
  2 swamp drakes (Swamp:4)
59 creatures vanquished.

Vanquished Creatures (others)
  An alligator (Swamp:3)
  A wizard (D:7)
  A wolf spider (Spider:4)
  A bloated husk (Swamp:4)
  3 humans (D:13)
  2 orc wizards (Orc:2)
  A briar patch (Swamp:3)
  11 foxfires
  25 fungi
  35 plants
  30 withered plants (Lair:6)
111 creatures vanquished.

Grand Total: 1016 creatures vanquished

Notes
Turn   | Place    | Note
-------+----------+-------------------------------------------
     0 | D:1      | Leszczynek the Human Gladiator began the quest for the Orb.
     0 | D:1      | Reached XP level 1. HP: 16/16 MP: 1/1
    86 | D:1      | Reached XP level 2. HP: 13/22 MP: 2/2
   126 | D:2      | Found an ornate altar of the Wu Jian Council.
   360 | D:2      | Reached XP level 3. HP: 24/28 MP: 3/3
   560 | D:3      | Reached XP level 4. HP: 31/34 MP: 4/4
   768 | D:1      | Reached skill level 3 in Fighting
  1037 | D:4      | Found a glowing golden altar of the Shining One.
  1048 | D:4      | Reached XP level 5. HP: 28/41 MP: 5/5
  1057 | D:4      | Became a worshipper of the Shining One
  1142 | D:3      | Reached skill level 4 in Axes
  1178 | D:4      | Identified the +6 scale mail of the Pit {*Slow +Blink Int+2
                  | Slay+3}
  1246 | D:5      | Entered Level 5 of the Dungeon
  1405 | D:4      | Reached XP level 6. HP: 35/48 MP: 6/6
  1479 | D:5      | Reached skill level 3 in Throwing
  1581 | D:4      | Found a staircase to the Ecumenical Temple.
  1679 | D:5      | Reached skill level 4 in Fighting
  1706 | D:5      | Reached skill level 4 in Dodging
  1715 | D:5      | Reached XP level 7. HP: 54/54 MP: 7/7
  1801 | D:5      | Reached skill level 1 in Polearms
  1835 | D:6      | Noticed a water moccasin
  1863 | D:5      | Reached * piety under the Shining One
  1977 | D:6      | Reached skill level 5 in Fighting
  1977 | D:6      | Reached skill level 2 in Polearms
  1983 | D:6      | Reached skill level 1 in Invocations
  2172 | D:6      | Found a runed translucent door.
  2173 | D:6      | Noticed Crazy Yiuf
  2181 | D:6      | Killed Crazy Yiuf
  2182 | D:6      | Reached XP level 8. HP: 62/62 MP: 4/8
  2361 | D:7      | Found a bloodstained altar of Trog.
  2362 | D:7      | Noticed a wizard
  2367 | D:7      | Killed a wizard
  2392 | D:7      | Reached skill level 3 in Polearms
  2397 | D:7      | Reached skill level 4 in Throwing
  2397 | D:7      | Reached skill level 1 in Evocations
  2556 | D:7      | Reached skill level 2 in Invocations
  2719 | D:7      | Reached skill level 4 in Polearms
  2781 | D:8      | Reached skill level 2 in Evocations
  2852 | D:8      | Reached skill level 3 in Invocations
  2852 | D:8      | Reached XP level 9. HP: 63/69 MP: 11/11
  2856 | D:8      | Found a snail-covered altar of Cheibriados.
  2863 | D:8      | Reached skill level 6 in Fighting
  2866 | D:8      | Reached skill level 5 in Polearms
  2866 | D:8      | Reached skill level 3 in Evocations
  2933 | D:8      | Noticed an elephant
  3049 | D:7      | Reached skill level 4 in Invocations
  3223 | D:8      | Reached skill level 6 in Polearms
  3285 | D:8      | Noticed a two-headed ogre
  3309 | D:8      | Killed a two-headed ogre
  3310 | D:8      | Reached skill level 7 in Fighting
  3310 | D:8      | Reached skill level 7 in Polearms
  3310 | D:8      | Reached skill level 4 in Evocations
  3310 | D:8      | Reached XP level 10. HP: 58/79 MP: 13/13
  3431 | D:8      | Killed an elephant
  3432 | D:8      | Reached skill level 8 in Polearms
  3432 | D:8      | Reached skill level 5 in Evocations
  3509 | D:8      | Noticed a nine-headed hydra
  3509 | D:8      | Noticed a nine-headed hydra
  3509 | D:8      | Noticed Grinfader's ghost (novice DjCj)
  3511 | D:8      | Found a runed translucent gate.
  3511 | D:8      | Found a runed translucent gate.
  3512 | D:8      | Found a runed translucent gate.
  3513 | D:8      | oooh
  3521 | D:8      | Found a staircase to the Lair.
  3536 | D:8      | did you know i trained the wrong weapon?
  3536 | D:8      | XDXDXDXD
  3536 | D:8      | oh god
  3702 | D:9      | Reached skill level 1 in Maces & Flails
  3714 | D:9      | Reached ** piety under the Shining One
  3740 | D:9      | Reached skill level 2 in Maces & Flails
  3751 | D:9      | Noticed a four-headed hydra
  3753 | D:9      | Reached skill level 3 in Maces & Flails
  3767 | D:9      | Killed a four-headed hydra
  3768 | D:9      | Reached skill level 4 in Maces & Flails
  3771 | D:9      | Reached skill level 5 in Maces & Flails
  3775 | D:9      | Reached *** piety under the Shining One
  3814 | D:9      | Reached XP level 11. HP: 84/84 MP: 14/14
  3837 | D:9      | nice piety, thanks
  3885 | D:9      | Found a staircase to the Orcish Mines.
  3929 | D:9      | Reached skill level 6 in Maces & Flails
  3948 | D:9      | Reached skill level 7 in Maces & Flails
  3963 | D:9      | Reached **** piety under the Shining One
  4012 | D:9      | Noticed a two-headed ogre
  4014 | D:9      | Noticed a centaur warrior
  4018 | D:9      | Noticed a cyclops
  4022 | D:9      | Killed a centaur warrior
  4023 | D:9      | Reached skill level 8 in Maces & Flails
  4027 | D:9      | Killed a cyclops
  4032 | D:9      | Noticed a cyclops
  4038 | D:9      | Killed a cyclops
  4039 | D:9      | Reached skill level 9 in Maces & Flails
  4134 | D:9      | Noticed a two-headed ogre
  4147 | D:9      | Killed a two-headed ogre
  4308 | D:10     | Entered Level 10 of the Dungeon
  4462 | D:11     | Noticed a two-headed ogre
  4477 | D:11     | Killed a two-headed ogre
  4478 | D:11     | Reached skill level 10 in Maces & Flails
  4626 | D:11     | Found a frozen archway.
  4650 | IceCv    | Entered an ice cave
  4664 | IceCv    | ?
  4664 | IceCv    | actual animals?
  4664 | IceCv    | not zombie or simulacra?
  4729 | IceCv    | Reached skill level 11 in Maces & Flails
  4732 | IceCv    | Reached XP level 12. HP: 91/91 MP: 15/15
  4799 | IceCv    | Reached skill level 1 in Armour
  4806 | IceCv    | Reached skill level 8 in Fighting
  4864 | IceCv    | Noticed a death yak
  4876 | IceCv    | Killed a death yak
  4877 | IceCv    | Reached skill level 5 in Invocations
  5002 | IceCv    | Reached skill level 1 in Shields
  5009 | IceCv    | Reached skill level 2 in Armour
  5033 | IceCv    | Reached skill level 2 in Shields
  5052 | IceCv    | Reached skill level 6 in Evocations
  5213 | IceCv    | Reached skill level 3 in Shields
  5327 | IceCv    | Found the +4 skin of Zhor {*Englaciate rC+++ SInv}
  5354 | IceCv    | Noticed an ironbound frostheart
  5354 | IceCv    | Noticed a death yak
  5354 | IceCv    | Noticed a death yak
  5354 | IceCv    | Noticed an ironbound frostheart
  5355 | IceCv    | ??????????????????????
  5355 | IceCv    | talk about sudden difficulty spike, jesus
  5374 | IceCv    | Killed a death yak
  5375 | IceCv    | Reached skill level 3 in Armour
  5375 | IceCv    | Reached skill level 6 in Invocations
  5380 | IceCv    | Killed an ironbound frostheart
  5381 | IceCv    | Reached skill level 4 in Shields
  5390 | IceCv    | Killed a death yak
  5402 | IceCv    | Killed an ironbound frostheart
  5407 | IceCv    | Reached XP level 13. HP: 40/100 MP: 17/17
  5602 | D:10     | Reached skill level 9 in Fighting
  5690 | D:10     | Reached skill level 5 in Shields
  5746 | D:10     | Reached skill level 4 in Armour
  5846 | D:10     | Reached skill level 7 in Evocations
  5878 | Orc:1    | Entered Level 1 of the Orcish Mines
  6058 | Orc:1    | Found a burning altar of Makhleb.
  6063 | Orc:1    | Found a runed translucent gate.
  6063 | Orc:1    | Found a runed translucent gate.
  6063 | Orc:1    | Found a runed translucent gate.
  6064 | Orc:1    | Noticed a centaur warrior
  6064 | Orc:1    | Noticed a naga warrior
  6065 | Orc:1    | Noticed a centaur warrior
  6065 | Orc:1    | Noticed a centaur warrior
  6065 | Orc:1    | Noticed a centaur warrior
  6066 | Orc:1    | Noticed p0werm0de's ghost (novice MyDe)
  6070 | Orc:1    | Found an iron altar of Okawaru.
  6173 | Orc:2    | Entered Level 2 of the Orcish Mines
  6219 | Orc:2    | Reached skill level 7 in Invocations
  6520 | Orc:2    | Found a staircase to the Elven Halls.
  6694 | Orc:2    | Paralysed by an orc sorcerer for 4 turns
  6739 | Orc:2    | Found Agiasy's Book Shoppe.
  6759 | Orc:2    | Found a radiant altar of Vehumet.
  6760 | Orc:2    | Noticed Erolcha
  6767 | Orc:2    | Reached skill level 5 in Dodging
  6770 | Orc:2    | Killed Erolcha
  6777 | Orc:2    | Reached skill level 10 in Fighting
  6783 | Orc:2    | Found Seawik's Antique Armour Emporium.
  6830 | Orc:2    | Paralysed by an orc sorcerer for 3 turns
  6858 | Orc:2    | Found an ancient bone altar of Kikubaaqudgha.
  6883 | Orc:2    | Found Socyunak's Antique Weapon Shoppe.
  6909 | Orc:2    | Found Zatoriv's Distillery.
  6923 | Orc:2    | Bought a potion of curing for 45 gold pieces
  6923 | Orc:2    | Bought a potion of haste for 150 gold pieces
  6932 | Orc:2    | Bought a scorched war axe for 272 gold pieces
  6932 | Orc:2    | Identified the +7 war axe of Vahipp {pain, Str+5 Stlth+}
                  | (You bought it in a shop on level 2 of the Orcish Mines)
  6951 | Orc:2    | Bought a pair of embroidered gloves for 142 gold pieces
  6951 | Orc:2    | what a nice waste of time
  7059 | Lair:1   | Entered Level 1 of the Lair of Beasts
  7136 | Lair:1   | Identified the +0 chain mail of the New World {rC+ rCorr
                  | Str+4 Int-4}
  7246 | Lair:2   | Reached skill level 12 in Maces & Flails
  7382 | Lair:2   | Learned a level 2 spell: Passwall
  7465 | Lair:2   | Noticed a four-headed hydra
  7476 | Lair:2   | Killed a four-headed hydra
  7542 | Lair:1   | You fall into a shaft and drop 1 floor!
  7698 | Lair:3   | Reached XP level 14. HP: 91/111 MP: 19/19
  7735 | Lair:3   | Found a hole to the Spider Nest.
  7754 | Lair:3   | Reached skill level 8 in Invocations
  7841 | Lair:3   | Reached skill level 8 in Evocations
  8044 | Lair:4   | Noticed Sonja
  8045 | Lair:4   | Noticed Sonja
  8045 | Lair:4   | Sonja changed into Sonja the fire bat
  8056 | Lair:4   | Killed Sonja the fire bat
  8122 | Lair:4   | Found a staircase to the Swamp.
  8166 | Lair:4   | Found a runed translucent gate.
  8166 | Lair:4   | Found a runed translucent gate.
  8170 | Lair:4   | Found a runed translucent gate.
  8170 | Lair:4   | Noticed Mopsi's ghost (journeyman DsBe)
  8229 | Lair:4   | Reached skill level 11 in Fighting
  8852 | Lair:5   | Reached skill level 13 in Maces & Flails
  8852 | Lair:5   | Reached skill level 5 in Throwing
  9005 | Lair:5   | Found a hide-covered altar of Uskayaw.
  9120 | Lair:6   | Entered Level 6 of the Lair of Beasts
  9199 | Lair:6   | Reached skill level 9 in Invocations
  9297 | Lair:6   | Reached skill level 6 in Throwing
  9349 | Lair:6   | Reached ***** piety under the Shining One
  9582 | Lair:6   | Reached XP level 15. HP: 76/120 MP: 19/22
  9707 | Lair:6   | Reached skill level 12 in Fighting
  9736 | Lair:6   | Reached skill level 7 in Throwing
  9760 | Lair:6   | Found a snail-covered altar of Cheibriados.
 10178 | Lair:6   | Reached skill level 10 in Invocations
 10180 | Lair:6   | Reached skill level 8 in Throwing
 10526 | Lair:6   | Reached skill level 6 in Dodging
 10677 | Lair:2   | Reached skill level 5 in Armour
 10883 | Orc:2    | Bought a potion of berserk rage for 75 gold pieces
 10883 | Orc:2    | Bought a potion of might for 60 gold pieces
 10883 | Orc:2    | since i'm already here
 11019 | D:8      | Reached skill level 14 in Maces & Flails
 11027 | D:8      | Killed Grinfader's ghost
 11033 | D:8      | Identified the +11 broad axe "Synops" {venom, rPois rF+}
 11034 | D:8      | oh
 11034 | D:8      | yes, this is decent
 11034 | D:8      | :d
 11034 | D:8      | it will do
 11100 | D:9      | Found a hide-covered altar of Uskayaw.
 11108 | D:9      | Reached skill level 5 in Axes
 11558 | D:12     | Noticed Frances
 11569 | D:12     | Killed Frances
 11570 | D:12     | Reached skill level 6 in Axes
 11793 | D:12     | Found a sparkling altar of Nemelex Xobeh.
 11983 | D:14     | Reached skill level 7 in Axes
 11985 | D:14     | Reached XP level 16. HP: 115/129 MP: 23/23
 12083 | D:14     | Learned a level 2 spell: Wereblood
 12093 | D:14     | Found Firuf's Distillery.
 12105 | D:14     | Bought a potion of haste for 180 gold pieces
 12105 | D:14     | Bought a potion of mutation for 144 gold pieces
 12105 | D:14     | Bought a potion of resistance for 180 gold pieces
 12105 | D:14     | Bought a potion of heal wounds for 90 gold pieces
 12105 | D:14     | Bought a potion of resistance for 180 gold pieces
 12105 | D:14     | Bought a potion of curing for 54 gold pieces
 12227 | D:13     | Reached skill level 8 in Axes
 12358 | D:13     | Found a gate to the Vaults.
 12408 | D:12     | Reached skill level 9 in Axes
 12583 | D:15     | Entered Level 15 of the Dungeon
 12840 | D:15     | HP: 9/129 [deep elf archer/arrow (19)]
 13062 | D:15     | HP: 19/129 [cyclops/large rock (39)]
 13479 | D:13     | Reached skill level 6 in Shields
 13693 | Spider:1 | Entered Level 1 of the Spider Nest
 13802 | Spider:2 | Reached skill level 10 in Axes
 13824 | Spider:2 | Found a transporter.
 13831 | Spider:2 | Noticed jt's ghost (adept GrDe)
 13839 | Spider:2 | Found a transporter.
 13967 | Spider:3 | Reached skill level 7 in Shields
 14066 | Spider:4 | Entered Level 4 of the Spider Nest
 14218 | Spider:4 | Reached skill level 8 in Shields
 14269 | Spider:4 | Noticed an emperor scorpion
 14283 | Spider:4 | Killed an emperor scorpion
 14598 | Spider:4 | Identified the +1 leather armour "Foseur" {Int+4}
 14658 | Spider:3 | Reached skill level 9 in Shields
 14695 | Spider:4 | Reached XP level 17. HP: 103/135 MP: 16/24
 14705 | Spider:4 | Reached skill level 11 in Axes
 14773 | Spider:4 | Reached skill level 10 in Shields
 15017 | Spider:4 | Reached skill level 11 in Shields
 15081 | Spider:4 | Got a gossamer rune of Zot
 15473 | D:12     | still no regen
 15473 | D:12     | unless i want to wear a TLA
 15473 | D:12     | XD
 15704 | Swamp:1  | Entered Level 1 of the Swamp
 15891 | Swamp:2  | Noticed a thorn hunter
 15943 | Swamp:3  | Reached skill level 12 in Axes
 15969 | Swamp:3  | HP: 27/135 [poisoned by a death drake (foul vapour)]
 15981 | Swamp:3  | HP: 24/135 [eight-headed hydra[a spriggan druid] (16)]
 15991 | Swamp:3  | uh huhhhh
 15991 | Swamp:3  | i didn't expect one death drake to almost slaughter me
 16099 | Swamp:3  | Found a runed translucent door.
 16138 | Swamp:3  | Reached skill level 6 in Armour
 16149 | Swamp:3  | HP: 20/135 [ghost crab] (14)]
 16355 | Swamp:3  | Reached skill level 12 in Shields
 16362 | Swamp:3  | Reached skill level 11 in Invocations
 16454 | Swamp:3  | Paralysed by you for 4 turns
 16477 | Swamp:3  | well this wasn't worth it for sure
 16568 | Swamp:4  | Entered Level 4 of the Swamp
 16580 | Swamp:4  | Reached XP level 18. HP: 85/142 MP: 15/26
 16584 | Swamp:4  | Reached skill level 13 in Fighting
 16728 | Swamp:3  | HP: 28/143 [spriggan rider/+0 spear (20)]
 17224 | Swamp:4  | Got a decaying rune of Zot
 17474 | Lair:4   | i'm completely dead now, wherever i go
 17474 | Lair:4   | that's why you usually go oka into tso, so the guy can give
                  | you some semblance of items
 17474 | Lair:4   | sure my weapon is amazing
 17474 | Lair:4   | but a +6 *Slow scale mail? kinda yikes
 17474 | Lair:4   | even with its +3 slaying
 17474 | Lair:4   | not even a reflection amulet in the game
 17475 | Lair:4   | so i can't go to elf
 17475 | Lair:4   | ehhhhhh
 17475 | Lair:4   | maybe i will go vaults now
 17475 | Lair:4   | i mean what else
 17475 | Lair:4   | elf will be a disaster, i'm sure
 17475 | Lair:4   | >vaults with will+
 17475 | Lair:4   | *will++
 17475 | Lair:4   | and i don't know cancellation
 17475 | Lair:4   | Upgraded the game from 0.29-a0-321-gf1c400731a to
                  | 0.29-a0-322-g68df515428
 17691 | Vaults:1 | Entered Level 1 of the Vaults
 17692 | Vaults:1 | death is coming
 17749 | Vaults:1 | regen please
 17749 | Vaults:1 | Reached skill level 4 in Transmutations
 17749 | Vaults:1 | Reached skill level 2 in Earth Magic
 17749 | Vaults:1 | Reached XP level 19. HP: 124/150 MP: 27/27
 17796 | Vaults:1 | actually i don't think it's worth to train magic with this
                  | shield
 17796 | Vaults:1 | that was a waste of exp pot
 17798 | Vaults:1 | i honestly thought it would give a bigger boost to the
                  | spell cast chance
 17804 | Vaults:1 | Reached skill level 12 in Invocations
 18080 | Vaults:1 | Found Tarchicko's General Store.
 18088 | Vaults:1 | Bought 6 curare-tipped darts for 50 gold pieces
 18132 | Vaults:1 | Reached skill level 13 in Shields
 18447 | Vaults:2 | Reached skill level 13 in Axes
 18636 | Vaults:2 | Reached skill level 13 in Invocations
 18706 | Vaults:3 | come on
 18706 | Vaults:3 | how is this fair
 18706 | Vaults:3 | descend stairs, 2 crystal guardians (in vaults!) and a
                  | peacekeeper immediately next to you
 18706 | Vaults:3 | not even a chance to escape
 18706 | Vaults:3 | what measures can i take to not make it happen?
 18706 | Vaults:3 | should i know beforehand somehow that this is the wrong
                  | staircase?
 18713 | Vaults:3 | HP: 39/226 [crystal guardian/crystal bolt[a peacekeeper]
                  | (20)]
 18713 | Vaults:3 | HP: 12/226 [crystal guardian/crystal bolt[a peacekeeper]
                  | (27)]
 18714 | Vaults:3 | Killed from afar by a crystal guardian

Illustrated notes .## ##......## ##...#...## ## ##....## ..)♣##....### # ##...# ..).♣#..### # ###.# ..)..♣##..# # ### ## W..... #..# # #..# #DD...# ##.. # #...### ####+++## #.# # #.....## #........ .. # #......####@# # #.......##.## # #........#.# # #.........## # #.........## # ##.........## # #.........(# # #..........# #.≈≈≈†.....##. Turn 3513 on D:8: oooh ...(###.....## ....##....P..# ....##.......## †.............# ..##..........## ####.....>.....# # ##..........# #..........#####.# # ##.......#..@....# ## #....P..######.## .# ##[....## .## ##...## .># ##.## # ..# #.# .# .## #.####### #.# ## #.......##..# # ##..........# Turn 3536 on D:8: did you know i trained the wrong weapon? #...?.....# #..# #.# #.........# #..# #.# #.........# #..# #.# # #.........# #..# #.# ..# ###.......# #..#####.# .... #.....>)####.)......# .Z..Z #.......)..)).......# Z.....#......†)†.....####.### .oW.........@#####...# #.... ..Z.y8.......# #...# #.... .Z...........# #...# #..## .Z$...#......# #...# #<.# ......#......# #...# #..# ......#......# #...# #..# ..#####......# #...# #..# ## .......# #...# #..# #...# #..# Turn 3837 on D:9: nice piety, thanks .# #.# ... YY ##h# #.. ##.# #.@## ##..# ##.# #.## #..# ##.# #.## #..# #..# Turn 4664 on IceCv: ? #### ## ### ##≈≈## #.## ##.## ##≈≈..###.Yh# #.#.## ≈#≈###.#h.p.#$) ##.#.##≈≈≈###.#Y.pY..# ####..≈≈###.#@h# ##..##≈≈#.##.## #...## ≈##.##### #.⌠..## ###.#..## ##.....# #).....# #...#..## #...##.## ##..###..# #...##..# #..## ##.####.####.# #.## #..# #####..# Turn 5355 on IceCv: ?????????????????????? .##≈≈#_.....###'''###....._#≈§# .##≈.#.........)..)........#§≈# .##≈.8.............).......8.≈# ..##........)≈≈≈≈≈≈≈..)..)...# #.###........≈#####≈....).).### .## #+#+###...#####...###)#)#§# .# §.. #≈.........≈##)....§# ## §§8. #§§........≈##.)8..≈# # §§^.§ #§.8..@..8.≈##§..§.≈## # ≈§§.≈###############≈...≈≈§# # ≈§..≈≈≈≈§≈≈≈≈§≈≈§≈≈≈≈..≈§§§# # ≈§≈≈.......§...§...§.....≈§§§# # ≈≈≈≈§....)...............≈≈≈≈# # §§....#..§...8..)...#..§.≈≈≈# # ≈8..≈#≈..#)....#..≈#§..8≈≈## ## ≈#..≈#≈..#§§.)≈#..≈#§§.#≈≈# .# #..≈#≈§.#≈...≈#..≈#≈..#≈§# Turn 6951 on Orc:2: what a nice waste of time # ## .## ### ..# # ####@#### ..##.### ##≈§≈.§≈≈## .......## ##≈≈.....≈≈## ........###≈≈...8...≈≈## #....#.# #≈≈.8.≈.≈.8.§§# .#.....# #≈...≈≈.≈≈..§§# ##.....###≈..≈≈...§≈.§≈## .......##∩..8[.._...8§§8# ......# ##≈..≈§...≈≈..§## Turn 10883 on Orc:2: since i'm already here ).####...........###...........## )## #>......^....###....[....... ## #..............######....#..# # #................## ####..### ##........#####...####..### ##......##♣.♣##...#...## ##....##...)♣##....### ##...#....).♣#..### ###.#♣..@..♣##..# ### ## ♣......##..## #..# ##.....####..# #...### ####'''### ##.##### #.....## #........# #.....# #......####.###...## ##...## #.......##.## ###.# ##.## #........#.# #†# #..# #.........## #.# ##.## Turn 11034 on D:8: oh

..........≈≈≈≈≈≈≈[.>......##..§○.
..........≈≈≈≈≈≈≈≈........##.....
..........≈≈≈≈≈≈≈≈...#....#######
..........≈≈≈≈≈≈≈≈...#....#######
...........≈≈≈≈≈≈≈...............
...........[≈#≈≈.................
.................................
.........#.......................
.......###......@..#####.........
.......≈##...........# #.^.......
.......†≈#######.....# #.........
#≈≈≈≈†≈≈≈##...##.)..^####........
≈≈≈≈≈≈≈≈≈#.............##.......(
≈≈≈≈≈≈≈≈≈#.............##........
≈≈≈≈≈≈≈≈≈#.............##...).###
≈≈≈≈≈≈.................##......##
≈≈≈≈≈≈.................####)...##


Turn 15473 on D:12: still no regen ≈≈≈≈§ ♣.≈≈♣.. ?♣ ≈≈≈≈. ♣≈≈.♣.. ..♣ ≈≈≈≈.
♣♣♣♣♣♣♣≈≈≈♣ .♣♣♣.♣ ≈≈≈≈.♣♣≈.≈♣♣§≈..♣♣.....♣ ≈≈≈≈...≈≈.≈♣♣≈≈..♣♣...♣
≈≈≈≈≈..§≈≈!≈♣≈≈...♣...♣ .≈.§.≈..≈≈≈...≈..≈†..♣ ♣≈.≈♣≈.≈≈≈≈≈.....)..♣♣♣ ≈≈§
♣♣≈.....≈.(.@A≈≈≈.♣ ≈≈ ♣†.≈.≈♣♣♣♣§≈≈≈≈≈.♣ ♣...†≈≈.≈♣≈..≈≈≈..♣
♣..†!≈≈.§≈♣♣..≈§.... ♣.≈≈≈≈≈.≈..≈≈≈≈≈≈≈≈≈♣ ♣≈≈≈≈≈≈≈≈≈.≈≈≈≈≈≈[.♣♣
≈≈♣♣♣)≈≈≈≈≈≈.♣♣≈≈≈≈..♣♣ ≈≈..§.....≈≈≈.≈♣.≈≈...≈ §≈.≈≈≈......§)...≈≈..♣ Turn
15991 on Swamp:3: uh huhhhh ###♣##♣#### #.......).♣ #.##♣♣###.♣ #.♣.†§§§♣.#
#.#.##♣.#.# ♣)#†#)♣.#.# #.#.♣)#÷#.♣ #.#.#)♣.#.♣ ♣.#.#@♣.#.# ♣♣ ♣♣♣♣♣♣♣
♣.#.#.#.#.♣ ..§♣.....♣ #÷#÷..#.#.# ...♣≈.≈≈.♣ #.♣##♣#)#.# ≈..≈♣≈..≈♣♣#.......#.#
....≈≈...≈♣♣#♣♣♣♣###.♣ ≈≈≈≈.≈.≈..≈†.........# ≈≈≈♣♣...♣.≈#♣####♣♣##♣ ♣♣...♣♣≈♣♣
Turn 16477 on Swamp:3: well this wasn't worth it for sure ♣♣♣...♣♣♣ ## ##
♣.§§..§.♣♣#.P###. ♣.§§♣♣§.§♣....... P..♣♣§.≈≈≈≈§♣♣...... ##.♣♣.§§≈≈≈≈≈§♣......
...♣§§§≈≈≈≈§.♣♣#.### ..♣♣♣§..♣♣♣§.♣ # # ##.♣♣≈≈≈♣♣♣§.♣♣ . #..♣@≈≈♣♣♣♣§§♣ .[
#P.♣♣♣♣♣...§§♣ ... #....♣♣...♣♣♣♣ .... ##..♣♣...≈≈≈≈♣♣ ####. ##...♣♣≈≈≈≈≈≈≈♣ ##
#...♣♣≈≈≈≈≈≈≈≈♣ .#. ##.♣♣...≈≈≈≈≈≈♣ ##... #..♣♣..♣♣♣♣♣♣♣♣#.#..
##<.................. Turn 17474 on Lair:4: i'm completely dead now, wherever i
go ♣♣♣...♣♣♣ ## ## ♣.§§..§§♣♣#.P###. ♣.§§♣♣§§§♣....... P..♣♣§§≈≈≈§§♣♣......
##.♣♣.§§≈≈≈≈≈§♣...... ...♣§§§≈≈≈≈§.♣♣#.### ..♣♣♣§..♣♣♣§.♣ # # ##.♣♣≈≈≈♣♣♣§.♣♣ .
#..♣@≈≈♣♣♣♣§§♣ .[ #P.♣♣♣♣♣...§§♣ ... #....♣♣...♣♣♣♣ .... ##..♣♣...≈≈≈≈♣♣ ####.
##...♣♣≈≈≈≈≈≈≈♣ ## #...♣♣≈≈≈≈≈≈≈≈♣ .#. ##.♣♣...≈≈≈≈≈≈♣ ##...
#..♣♣..♣♣♣♣♣♣♣♣#.#.. ##<.................. Turn 17475 on Lair:4: so i can't go
to elf ..........# ..........# ..........# ..........# ..........# $.........#
..........# .......@..# ..........# ..........# ########### Turn 17692 on
Vaults:1: death is coming #.. #.. #.. ########.. #......#.. #########......#..
#.......#......#.. #.......#......†.. #@......'......#.. #......†#......#..
#.......########.. #.......# ### ######### Turn 17749 on Vaults:1: regen please
...#......#.......# ## ...#......'......# #.# ...#......#.....###..#
...########....###...# ∩..# #...#'#....# ...# #..###.....# ...# #.###......#
#### ####.......# #...@....# ####'#+### ... ..... ....... ......... ...........
#######+##### Turn 17796 on Vaults:1: actually i don't think it's worth to train
magic with this shield ....#......#.....###..# ....########....###...# .∩..#
#...#'#....# ....# #..###.....# ....# #.###......# ##### ####.......# #........#
########'#+#### .......@........ ................ ..s.............
................ ................ #########+###### Turn 17798 on Vaults:1: i
honestly thought it would give a bigger boost to the spell cast chance #########
#99...... +@9...... ######### Turn 18706 on Vaults:3: come on

Levels and vault maps discovered:
D:1:      lemuel_arrival_funnel, layout_basic, basic_ecumenical_altar
D:2:      layout_basic, basic_altar
D:3:      layout_basic, minmay_rat_hole, uniq_terence
D:4:      layout_loops_corners, mainiacjoe_overflow_boulevard,
          lemuel_temple_firewalk_b
D:5:      layout_gridville, amcnicky_mini_rare_corridor_liquid
D:6:      kennysheep_housing_project, layout_cave_pools, uniq_duvessa,
          uniq_crazy_yiuf_cottage
D:7:      layout_basic, trog_wizard, worms_lemuel
D:8:      layout_cave_pods, kennysheep_slug_shrine, david_lair_generic,
          gammafunk_ghost_hydra_chop, special_room [special_room_orc]
D:9:      minmay_curly_fans, layout_long_grid,
          nicolae_uskayaw_murder_on_the_dancefloor, zombieorc2_lemuel
D:10:     layout_basic
D:11:     layout_small_grid, portal_ice_cave_demonic_guard
D:12:     layout_basic, nemelex_altar_shiori, uniq_frances
D:13:     dreamdust_experimentation, layout_basic, erik_vaults_2
D:14:     layout_big_octagon, serial_shops, shop
D:15:     grunt_enter_depths_hoard, layout_irregular_city,
          nicolae_concentric_dashed_squares_wild
Lair:1:   layout_layer_cave, nzn_sisyphean_effort, uniq_fannar
Lair:2:   layout_small_grid, grunt_megastairs_3
Lair:3:   layout_chaotic_city, spider_nest_entry_rubble
Lair:4:   dreamdust_cave_troll, layout_long_grid, palyth_hydra_swamp_entry,
          gammafunk_ghost_split, uniq_sonja
Lair:5:   layout_long_grid, minmay_slime_entry_pillars, basic_altar,
          serial_bayou_shore_a, grunt_megastairs_2
Lair:6:   due_jungle_book, layout_cellular_growth, kennysheep_snail_temple
Swamp:1:  layout_basic_swamp, evilmike_swamp_ruin_house_2, swamp_pool4,
          uniq_mlioglotl
Swamp:2:  layout_basic_swamp, hangedman_swamp_ruin_wall, swamp_pool3,
          infiniplex_staircase_pool_2
Swamp:3:  gammafunk_mikee_crab_dinner, layout_basic_swamp,
          nicolae_swamp_tree_designs
Swamp:4:  swamp_alternative, layout_basic_swamp
Spider:1: layout_chambers
Spider:2: layout_chambers, gammafunk_ghost_berserking_beasts,
          nicolae_spider_cling_halls
Spider:3: layout_spider_delve
Spider:4: spider_rune_water, drop_trap
Orc:1:    layout_diamond_mine, gammafunk_ghost_fury_of_okawaru, bloody_makhleb
Orc:2:    kennysheep_orc_mage_school, layout_caves
Vaults:1: grunt_vaults_diagonal, vaults_room_fours,
          ontoclasm_vaults_claustrophobia, vaults_room_boxed, v_misc_15,
          vaults_room_pool, v_pattern_2, grunt_vaults_trifunnel,
          st_smaller_cells, grunt_vaults_hallway_short, vaults_room_semicircle,
          layout_vaults_ring, serial_shops, nicolae_shop_trees
Vaults:2: ontoclasm_vaults_ligature, v_misc_1, ontoclasm_vaults_decontamination,
          ontoclasm_vaults_spin, hangedman_vaults_variations,
          grunt_vaults_focal, vaults_room_grunt_arrival_checkpoint, v_misc_10,
          vaults_dpeg_ring, layout_vaults_omnibox
Vaults:3: hangedman_vaults_snaps, nicolae_vaults_circle_grid_b,
          minmay_crypt_entry_simple_round, vaults_room_octagon,
          nicolae_vaults_triangles, ontoclasm_vaults_twist,
          nicolae_vaults_theta, ontoclasm_vaults_ring_square, v_rooms_6,
          nicolae_vaults_three_branches, nicolae_vaults_mini_display_case,
          v_rooms_6, nicolae_vaults_diagonal_hallway_7, v_misc_13,
          grunt_vaults_hallway_long, vaults_room_grid, layout_vaults_maze_bifur,
          serial_shops, nicolae_shop_advertising_works
          [nicolae_subvault_shop_adworks]

Skill      XL: |  1  2  3  4  5  6  7  8  9 10 11 12 13 14 15 16 17 18 19 |
---------------+----------------------------------------------------------+-----
Fighting       | 3 4 5 7 8 10 11 12 13 | 13.8
Axes           | 4 7 10 12 13 | 13.1
Throwing       | 3 4 6 8 |  8.0
Dodging        | 4 5 6 |  6.4
Polearms       | 2 4 7 8 |  8.2
Invocations    | 1 3 4 6 7 9 10 11 13 | 13.0
Evocations     | 2 4 5 6 7 8 |  8.0
Maces & Flails | 5 11 12 13 14 | 14.0
Armour         | 3 4 5 6 |  6.6
Shields        | 4 5 9 12 13 | 13.3
Transmutations | 4 |  4.0
Earth Magic    | 2 |  2.8

Action                   |  1- 3 |  4- 6 |  7- 9 | 10-12 | 13-15 | 16-18 | 19-21 || total
-------------------------+-------+-------+-------+-------+-------+-------+-------++-------
Melee: War axe           |    54 |    79 |       |       |       |       |       ||   133
       Punch             |       |     1 |     3 |     7 |       |       |       ||    11
       Morningstar       |       |    54 |   180 |   475 |  1124 |    50 |       ||  1883
       Broad axe         |       |       |       |       |    63 |   564 |   165 ||   792
Throw: Throwing net      |     4 |     1 |     1 |       |       |       |       ||     6
       Dart              |       |     2 |    18 |     7 |     5 |    28 |       ||    60
       Javelin           |       |       |     1 |    10 |    34 |    10 |       ||    55
       Boomerang         |       |       |       |       |    51 |    27 |       ||    78
Invok: Divine Shield     |       |       |     5 |    10 |    26 |    30 |     6 ||    77
       Cleansing Flame   |       |       |       |       |     2 |     5 |       ||     7
       Summon Divine War |       |       |       |       |     1 |     6 |       ||     7
Evoke: Wand              |       |       |     3 |     7 |    10 |    20 |     8 ||    48
       Tin of tremorston |       |       |       |       |     1 |     3 |       ||     4
       Box of beasts     |       |       |       |       |       |     2 |       ||     2
  Use: Potion            |       |     1 |     3 |     3 |     2 |    13 |     1 ||    23
       Scroll            |       |       |     4 |     5 |    10 |     8 |       ||    27
 Stab: Sleeping          |     1 |       |       |       |       |       |       ||     1
       Held in net/web   |       |     1 |       |       |       |       |       ||     1
Armor: Leather armour    |    20 |     9 |       |       |       |       |       ||    29
       Ring mail         |       |    28 |       |       |       |       |       ||    28
       Scale mail        |       |    42 |   137 |   243 |   520 |   305 |    26 ||  1273
       Skin              |       |       |       |    16 |       |       |       ||    16
Dodge: Dodged            |    26 |    85 |   125 |   283 |   707 |   309 |    33 ||  1568
Block: Other             |       |       |    23 |    96 |       |       |       ||   119
       Buckler           |       |       |       |    53 |   687 |   325 |       ||  1065
       Tower shield      |       |       |       |       |       |   324 |   164 ||   488

Table legend: (Time is in decaauts)
 A = Elapsed time spent in this place.
 B = Non-inter-level travel time spent in this place.
 C = Inter-level travel time spent in this place.
 D = Time resting spent in this place.
 E = Time spent auto-exploring this place.
 F = Levels seen in this place.
 G = Mean time per level.
                   A        B        C        D        E       F      G
               +--------+--------+--------+--------+--------+-----+--------+
         Total |  19779 |  17707 |   2072 |    152 |    131 |  35 |  565.1 |
       Dungeon |   8723 |   7592 |   1131 |     27 |    131 |  15 |  581.5 |
          Lair |   4049 |   3613 |    436 |     54 |      0 |   6 |  674.8 |
         Swamp |   2208 |   2093 |    115 |     20 |      0 |   4 |  552.0 |
   Spider Nest |   1641 |   1522 |    119 |     45 |      0 |   4 |  410.2 |
  Orcish Mines |   1287 |   1055 |    232 |      0 |      0 |   2 |  643.5 |
        Vaults |   1031 |    995 |     36 |      6 |      0 |   3 |  343.7 |
      Ice Cave |    839 |    839 |      0 |      0 |      0 |   1 |  839.0 |
               +--------+--------+--------+--------+--------+-----+--------+

Top non-repeatable levels by time:
 Swamp:3: 1623 daAuts
  Lair:6: 1518 daAuts
Spider:4: 1114 daAuts
     D:8: 1024 daAuts
  Lair:4: 1006 daAuts
    D:15: 978 daAuts
     D:9: 925 daAuts
   Orc:2: 873 daAuts
   IceCv: 839 daAuts
    D:12: 782 daAuts
     D:7: 754 daAuts
     D:4: 726 daAuts
    D:11: 577 daAuts
    D:10: 556 daAuts
Vaults:1: 540 daAuts
